 Dungeon Crawl Stone Soup version 0.31-a0-188-g5e087ee2ca (webtiles) character file.

Game seed: 1269484654207647992

151 qw the Skirmisher (level 5, -5/29 HPs)
             Began as a Deep Elf Hunter on June 23, 2023.
             Slain by an iguana (12 damage)
             ... on level 5 of the Dungeon.
             The game lasted 00:00:40 (1926 turns).

qw the Skirmisher (Deep Elf Hunter)                 Turns: 1926, Time: 00:00:40

Health: -5/29      AC:  5    Str: 10    XL:     5   Next: 11%
Magic:  7/7        EV: 11    Int: 14    God:
Gold:   215        SH:  0    Dex: 18    Spells: 4/4 levels left

rFire   . . .        Y - +0 shortbow
rCold   . . .        (shield currently unavailable)
rNeg    . . .        e - +0 ring mail
rPois   .            (no helmet)
rElec   .            (no cloak)
rCorr   .            (no gloves)
SInv    .            (no boots)
Will    .....        (no amulet)
Stlth   +            (no ring)
HPRegen 0.24/turn    (no ring)
MPRegen 0.10/turn

%: no passive effects
@: no status effects
A: no striking features
a: no special abilities


You were on level 5 of the Dungeon.
You visited 1 branch of the dungeon, and saw 4 of its levels.

You collected 215 gold pieces.


   Skills:
 - Level 1.5 Fighting
 + Level 8.5 Ranged Weapons
 - Level 2.4 Dodging
 - Level 1.2 Stealth


You had 4 spell levels left.
You didn't know any spells.
Your spell library was empty.

Inventory:

Hand Weapons
 Y - a +0 shortbow (weapon)
Armour
 e - a +0 ring mail (worn)
Scrolls
 a - 2 scrolls of identify
 b - a scroll of enchant weapon {unknown}
 c - a scroll of amnesia {unknown}
Potions
 g - 2 potions of haste {unknown}
 h - a potion of degeneration {unknown}
 i - a potion of might {unknown}

Dungeon Overview and Level Annotations

Branches:
Dungeon (3/15)

Altars:
Vehumet


Message History

The arrow barely misses the adder.
The iguana hisses angrily.
The arrow hits the iguana.
The iguana is heavily wounded.
The iguana closely misses you.
You shoot an arrow. The arrow hits the iguana.
The iguana is almost dead.
The black bear barely misses you. The black bear claws you.
The black bear barely misses you. The iguana bites you!
You shoot an arrow.
The arrow hits the iguana but does no damage.
The iguana is almost dead.
The black bear bites you. The black bear barely misses you. x2
The iguana barely misses you.
You shoot an arrow. The arrow hits the iguana!
You kill the iguana!
The adder bites you but does no damage. The black bear closely misses you. x2
The black bear claws you but does no damage.
The adder bites you but does no damage. The black bear bites you.
The black bear claws you but does no damage.
The black bear closely misses you.
You have reached level 5!
You shoot an arrow. The arrow hits the adder!
You kill the adder!
The black bear completely misses you. The black bear claws you.
The black bear closely misses you.
You shoot an arrow. The arrow barely misses the iguana.
The iguana bites you.
The black bear bites you but does no damage.
The black bear barely misses you. x2
You shoot an arrow.
The arrow hits the iguana but does no damage.
The iguana is moderately wounded.
The iguana barely misses you.
The black bear bites you but does no damage.
The black bear claws you but does no damage. x2
You shoot an arrow. The arrow hits the iguana.
The iguana is heavily wounded.
The iguana bites you!
You die...

##%# #.# #.# #.#
#.#####.########
................
....####........
.. ###........
#.@....)...
#lh........
.............
##.#.......###
...#.......# ...
.......... ...
..###.##.###
....#. .# .#..


You could see a black bear and an iguana.

Vanquished Creatures
  An iguana (D:5)
  A gnoll (D:1)
  7 adders
  3 worms
  An orc (D:5)
  6 bats
  2 endoplasms
  2 giant cockroaches
  3 goblins
  6 hobgoblins
  A kobold (D:2)
  2 quokkas
  5 ball pythons
  2 frilled lizards
  4 rats
46 creatures vanquished.

Notes
Turn   | Place    | Note
-------+----------+-------------------------------------------
     0 | D:1      | qw the Deep Elf Hunter began the quest for the Orb.
     0 | D:1      | Reached XP level 1. HP: 12/12 MP: 3/3
     0 | D:1      | 0 ||| qw: Version: 0.3-a-9-g12657ce
     0 | D:1      | 0 ||| qw: Game counter: 3456
     0 | D:1      | 0 ||| qw: Always use a shield: true
     0 | D:1      | 0 ||| qw: God list: Okawaru
     0 | D:1      | 0 ||| qw: Allow faded altars: false
     0 | D:1      | 0 ||| qw: Do Orc after D:15 true
     0 | D:1      | 0 ||| qw: Do second Lair branch before Depths: true
     0 | D:1      | 0 ||| qw: Lair rune preference: random
     0 | D:1      | 0 ||| qw: Plans: Normal
     0 | D:1      | 0 ||| PLANNING D:1-11
   261 | D:1      | Reached XP level 2. HP: 16/16 MP: 4/4
   307 | D:1      | Reached skill level 6 in Ranged Weapons
   347 | D:1      | HP: 2/16 [gnoll/+0 spear (4)]
   602 | D:1      | 602 ||| UPGRADING to +0 ring mail.
   612 | D:1      | 612 ||| DROPPING +0 leather armour.
   613 | D:1      | 613 ||| READING 2 scrolls labelled VURIPSOOFYN.
   614 | D:1      | 614 ||| READING scroll labelled IDGHEA SIR PEH.
   615 | D:1      | 615 ||| DROPPING scroll of butterflies.
   658 | D:2      | Reached XP level 3. HP: 20/20 MP: 5/5
   698 | D:2      | Reached skill level 7 in Ranged Weapons
   931 | D:2      | Reached XP level 4. HP: 25/25 MP: 6/6
  1343 | D:2      | 1343 ||| READING scroll labelled UNITIM FIAVA.
  1630 | D:3      | Found a radiant altar of Vehumet.
  1754 | D:3      | Reached skill level 8 in Ranged Weapons
  1874 | D:3      | You fall into a shaft and drop 2 floors!
  1874 | D:5      | Entered Level 5 of the Dungeon
  1912 | D:5      | Noticed a black bear
  1923 | D:5      | Reached XP level 5. HP: 13/29 MP: 7/7
  1924 | D:5      | HP: 6/29 [iguana (5)]
  1926 | D:5      | Slain by an iguana

Levels and vault maps discovered:
D:1:      sevenhm_arrival_forest_fort_small_6, layout_basic,
          nicolae_grassy_gnolls
D:2:      layout_basic
D:3:      layout_basic, nicolae_overflow_crystal_walls
D:5:      gammafunk_steamed_eel, layout_rooms, amcnicky_altar_gilded,
          cheibrodos_worm_habitat, uniq_edmund

Skill      XL: |  1  2  3  4 |
---------------+-------------+-----
Ranged Weapons | 6 7 8 |  8.5
Fighting       | |  1.5
Dodging        | |  2.4
Stealth        | |  1.2

Action                     |  1- 3 |  4- 6 || total
---------------------------+-------+-------++-------
   Fire: Shortbow          |    72 |    77 ||   149
    Use: Scroll            |     2 |     1 ||     3
 Armour: Ring mail         |     5 |    12 ||    17
         Leather armour    |     1 |       ||     1
  Dodge: Dodged            |    10 |    30 ||    40

Table legend:
 A = Non-vault XP
 B = Vault XP
 C = Vault XP percentage of total XP
 D = Non-vault monster count
 E = Vault monster count
 F = Vault count percentage of total count
                 A         B        C        D         E       F
            +---------+---------+-------+---------+---------+-------
      Total |     202 |      15 |   6.9 |      45 |       1 |   2.2
            +---------+---------+-------+---------+---------+-------
        D:1 |      20 |      15 |  42.9 |      12 |       1 |   7.7
        D:2 |      90 |       0 |   0.0 |      22 |       0 |   0.0
        D:3 |      26 |       0 |   0.0 |       7 |       0 |   0.0
        D:5 |      66 |       0 |   0.0 |       4 |       0 |   0.0
            +---------+---------+-------+---------+---------+-------
